[Event "FINAL CAMPEONATO ABSOLUTO DE AJEDREZ CHILE 2018"]
[Site "CENTRO CULTURAL LO PRADO, Chile"]
[Date "2018.03.01"]
[Round "9.4"]
[White "FUENTES PARRA, Victor Ignacio"]
[Black "LOPEZ SILVA, Hugo Andres"]
[Result "0-1"]
[TimeControl "90 minutos mas 30 segundos de incremento por movida"]
[WhiteElo "2148"]
[BlackElo "2389"]

1. Nf3 Nf6 2. b3 g6 3. Bb2 Bg7 4. e3 c5 5. d4 cxd4 6. exd4 O-O 7. Nbd2 Nc6 8. c4 d5 9. Bd3 Nh5 10.
Bb1 Nf4 11. O-O dxc4 12. Nxc4 Nxd4 13. Nxd4 Bxd4 14. Bxd4 Qxd4 15. Qxd4 Ne2+ 16. Kh1 Nxd4 17. Re1 Be6 18. Be4 Rab8 19.
Na5 b6 20. Rad1 Rfd8 21. Nc6 Nxc6 22. Bxc6 Rbc8 23. Be4 a5 24. g3 b5 25. Kg2 Rxd1 26. Rxd1 Kg7 27. Rd2 Kf6 28. Bb7 Rc5 29.
Be4 Rc3 30. f3 a4 31. bxa4 bxa4 32. Re2 Rc1 33. Rb2 Ra1 34. Bb1 a3 35. Rb6 Kg7 36. f4 Bxa2 37. Bxa2 Rxa2+ 38. Kh3 Rb2 39.
Ra6 a2 40. Ra7 h5 41. Ra5 f6 42. Ra6 e5 43. fxe5 fxe5 44. g4 e4 45. Kg3 e3 46. Ra7+ Kh6 47. Kf4 g5+ 48. Kxe3 hxg4 49.
Ra6 Kg7 50. Ra5 Kf6 51. Ra6+ Ke7 52. Ra7+ Kd6 53. Ra6+ Kc7 54. Ra7+ Kb6 55. Kd4 0-1

[Event "FINAL CAMPEONATO ABSOLUTO DE AJEDREZ CHILE 2018"]
[Site "CENTRO CULTURAL LO PRADO, Chile"]
[Date "2018.03.01"]
[Round "9.5"]
[White "AGUIRRE CONTRERAS, Cristian Ro"]
[Black "HENRIQUEZ VILLAGRA, Cristobal"]
[Result "0-1"]
[TimeControl "90 minutos mas 30 segundos de incremento por movida"]
[WhiteTitle "FM"]
[BlackTitle "GM"]
[WhiteElo "2272"]
[BlackElo "2501"]

1. e4 e5 2. Nf3 Nc6 3. Bc4 Bc5 4. c3 Nf6 5. d4 exd4 6. cxd4 Bb4+ 7. Nc3 Nxe4 8. O-O Bxc3 9. d5 Ne5 10.
bxc3 Nxc4 11. Qd4 O-O 12. Qxe4 Nd6 13. Qd3 b6 14. Bf4 Qf6 15. Bg3 Re8 16. Rfe1 Bb7 17. h4 Qf5 18. Qxf5 Nxf5 19.
Bxc7 Bxd5 20. Nd4 Rxe1+ 21. Rxe1 Nxd4 22. cxd4 Bxa2 23. Ra1 Bd5 24. Ra6 f6 25. f3 Kf7 26. Kf2 Ke6 27. Bf4 d6 28.
Ke3 Bc4 29. Ra4 Kd5 30. Kd2 a5 31. Ra1 0-1

[Event "FINAL CAMPEONATO ABSOLUTO DE AJEDREZ CHILE 2018"]
[Site "CENTRO CULTURAL LO PRADO, Chile"]
[Date "2018.03.01"]
[Round "9.6"]
[White "VERGARA JOFRE, Felipe Andres"]
[Black "SALINAS HERRERA, Pablo Patrici"]
[Result "1/2-1/2"]
[TimeControl "90 minutos mas 30 segundos de incremento por movida"]
[WhiteTitle "FM"]
[BlackTitle "IM"]
[WhiteElo "2270"]
[BlackElo "2453"]

1. e4 c5 2. Nf3 e6 3. d4 cxd4 4.
Nxd4 Nc6 5. Nc3 d6 6. Be2 Nf6 7. O-O Be7 8. Be3 O-O 9. f4 e5 10. fxe5 dxe5 11. Nf5 Bb4 12. Nh6+ gxh6 13.
Qxd8 Rxd8 14. Rxf6 Be6 15. Bxh6 Nd4 16. Bh5 Be7 17. Rf2 f5 18. Raf1 f4 19. g3 Bh3 20. gxf4 Bxf1 21. Kxf1 1/2-1/2

[Event "FINAL CAMPEONATO ABSOLUTO DE AJEDREZ CHILE 2018"]
[Site "CENTRO CULTURAL LO PRADO, Chile"]
[Date "2018.03.02"]
[Round "10.1"]
[White "LLORENS SEPULVEDA, Marcelo"]
[Black "SALINAS HERRERA, Pablo Patrici"]
[Result "0-1"]
[TimeControl "90 minutos mas 30 segundos de incremento por movida"]
[WhiteTitle "FM"]
[BlackTitle "IM"]
[WhiteElo "2266"]
[BlackElo "2453"]

1. e4 c5 2. Nf3 e6 3. b3 d5 4. exd5 exd5 5. Bb5+ Nc6 6. Bxc6+ bxc6 7. O-O Bd6 8. Bb2 Ne7 9. Bxg7 Rg8 10.
Be5 Bg4 11. Re1 Bxe5 12. Rxe5 Qd6 13. Re3 Kf8 14. d4 Nf5 15. Rd3 Nh4 16. g3 Nxf3+ 17. Rxf3 Bxf3 18. Qxf3 cxd4 19. Nd2 Rg6 20.
Qd3 c5 21. Nf3 Kg8 22. Rd1 Qa6 23. Qf5 Qe6 24. Qh5 Rf6 25. Ne5 Rf5 26. Qg4+ Kh8 27. Nd3 Rg8 28. Qh3 c4 29. Nc5 Qe5 30.
Nd7 Qe4 31. Rd2 Qe1+ 32. Kg2 Rf4 0-1

[Event "FINAL CAMPEONATO ABSOLUTO DE AJEDREZ CHILE 2018"]
[Site "CENTRO CULTURAL LO PRADO, Chile"]
[Date "2018.03.02"]
[Round "10.2"]
[White "HENRIQUEZ VILLAGRA, Cristobal"]
[Black "VERGARA JOFRE, Felipe Andres"]
[Result "1-0"]
[TimeControl "90 minutos mas 30 segundos de incremento por movida"]
[WhiteTitle "GM"]
[BlackTitle "FM"]
[WhiteElo "2501"]
[BlackElo "2270"]

1. e4 c5 2. Nf3 d6 3. Bb5+ Nc6 4. O-O Bd7 5. Re1 Nf6 6. c3 a6 7. Bf1 Bg4 8. d4 cxd4 9. cxd4 d5 10.
exd5 Nxd5 11. Nc3 e6 12. h3 Bh5 13. Nxd5 Qxd5 14. g4 Bg6 15. Bg2 Rd8 16. Bg5 f6 17. Ne5 Qxd4 18. Nxc6 Qxd1 19.
Raxd1 Rxd1 20. Rxd1 bxc6 21. Bf4 Be7 22. Bxc6+ Kf7 23. Bb7 Bc2 24. Rd2 Bb1 25. a4 e5 26. Be3 a5 27. Bd5+ Kg6 28.
Bb6 Bb4 29. Rd1 Rb8 30. Ba7 Bc2 31. Be4+ Bxe4 32. Bxb8 Bc2 33. Rd8 h5 34. gxh5+ Kxh5 35. Bd6 Bxd6 36. Rxd6 Bxa4 37. Rd5 1-0

[Event "FINAL CAMPEONATO ABSOLUTO DE AJEDREZ CHILE 2018"]
[Site "CENTRO CULTURAL LO PRADO, Chile"]
[Date "2018.03.02"]
[Round "10.3"]
[White "LOPEZ SILVA, Hugo Andres"]
[Black "AGUIRRE CONTRERAS, Cristian Ro"]
[Result "1-0"]
[TimeControl "90 minutos mas 30 segundos de incremento por movida"]
[BlackTitle "FM"]
[WhiteElo "2389"]
[BlackElo "2272"]

1. e4 c6 2. d4 g6 3. Nc3 Bg7 4.
Nf3 d5 5. h3 Nf6 6. Bd3 dxe4 7. Nxe4 Nxe4 8. Bxe4 Nd7 9. O-O O-O 10. Re1 Nf6 11. Bd3 Qd6 12. Bg5 a5 13. a4 Be6 14.
Qd2 Nd5 15. c3 Rfe8 16. Bh6 Rad8 17. Ne5 Bc8 18. Bc4 Be6 19. Re2 f6 20. Nd3 Bf7 21. Rae1 b6 22. Re4 Bh8 23. Qd1 Rd7 24.
Bf4 Nxf4 25. Bxf7+ Kxf7 26. Nxf4 e5 27. Qb3+ Kf8 28. dxe5 fxe5 29. Ne2 Qd5 30. Qa3+ Kg8 31. Nd4 c5 32.
Nf3 Rde7 33. R1e2 Bg7 34. Nd2 Re6 35. Nc4 Rf8 36. Qb3 Rf4 37. Rxf4 exf4 38. Rxe6 Qxe6 39. Nxa5 Kf7 40. Qxe6+ Kxe6 41.
Nc4 b5 42. axb5 Kd5 43. Nb6+ Ke4 44.
f3+ Ke5 45. Kf1 Kd6 46. Ke2 Bf6 47. Kd3 Bd8 48. Na4 Kd5 49. c4+ Kd6 50. Ke4 g5 51. Kf5 h6 52. Nc3 1-0

[Event "FINAL CAMPEONATO ABSOLUTO DE AJEDREZ CHILE 2018"]
[Site "CENTRO CULTURAL LO PRADO, Chile"]
[Date "2018.03.02"]
[Round "10.4"]
[White "PEREZ GORMAZ, Matias"]
[Black "FUENTES PARRA, Victor Ignacio"]
[Result "1-0"]
[TimeControl "90 minutos mas 30 segundos de incremento por movida"]
[WhiteTitle "FM"]
[WhiteElo "2410"]
[BlackElo "2148"]

1. Nf3 f5 2. g3 Nf6 3. Bg2 e6 4. O-O Be7 5. c4 O-O 6. b3 d5 7. Bb2 c5 8. cxd5 exd5 9. d4 b6 10.
Nc3 Bb7 11. e3 Ne4 12. Ne2 c4 13. Rc1 b5 14. Nf4 Qa5 15. bxc4 dxc4 16. a4 Qb4 17. Ba1 a6 18. Ne5 Nc6 19.
Rb1 Qd6 20. Nxc4 bxc4 21. Rxb7 Na5 22. Rb1 Bg5 23. Qc2 Rfe8 24. Rfe1 Rac8 25. f3 Bxf4 26. fxe4 Bh6 27. e5 Qa3 28. Bc3 Nb3 29. Qxf5 Qxa4 30.
Bd5+ Kh8 31. Be4 g6 32. Qh3 Kg7 33.
d5 Bg5 34. e6+ Bf6 35. Bxf6+ Kxf6 36. Qxh7 Ke5 37. Qxg6 Nd2 38. Qf5+ Kd6 39. Bc2 Rf8 40. Qxf8+ 1-0

[Event "FINAL CAMPEONATO ABSOLUTO DE AJEDREZ CHILE 2018"]
[Site "CENTRO CULTURAL LO PRADO, Chile"]
[Date "2018.03.02"]
[Round "10.5"]
[White "BARRIA ZUNIGA, Daniel"]
[Black "ABARCA GONZALEZ, Nicolas"]
[Result "1/2-1/2"]
[TimeControl "90 minutos mas 30 segundos de incremento por movida"]
[WhiteTitle "IM"]
[WhiteFideId "3400816"]
[WhiteElo "2395"]
[BlackElo "2388"]

1. Nf3 Nf6 2. c4 e6 3. g3 b6 4. Bg2 Bb7 5. d4 Bb4+ 6. Bd2 c5 7. O-O O-O 8. a3 Bxd2 9. Qxd2 Nc6 10.
dxc5 bxc5 11. Nc3 Na5 12. Qf4 Ba6 13. b4 Nxc4 14. b5 Bxb5 15. Nxb5 d5 16. Rfc1 Rb8 17. Nc3 Rb3 18. Ne5 1/2-1/2

[Event "FINAL CAMPEONATO ABSOLUTO DE AJEDREZ CHILE 2018"]
[Site "CENTRO CULTURAL LO PRADO, Chile"]
[Date "2018.03.02"]
[Round "10.6"]
[White "DIAZ VILLAGRAN, Robert"]
[Black "GARCIA CARDENAS, Pablo"]
[Result "1/2-1/2"]
[TimeControl "90 minutos mas 30 segundos de incremento por movida"]
[WhiteTitle "FM"]
[BlackTitle "IM"]
[WhiteElo "2317"]
[BlackElo "2454"]

1. e4 c5 2. c3 Nf6 3. e5 Nd5 4. d4 cxd4 5. Nf3 Nc6 6. Bc4 Nb6 7. Bb3 d5 8. exd6 Qxd6 9. O-O Be6 10.
Bxe6 Qxe6 11. Nxd4 Nxd4 12. Qxd4 1/2-1/2

[Event "FINAL CAMPEONATO ABSOLUTO DE AJEDREZ CHILE 2018"]
[Site "CENTRO CULTURAL LO PRADO, Chile"]
[Date "2018.03.03"]
[Round "11.1"]
[White "GARCIA CARDENAS, Pablo"]
[Black "LLORENS SEPULVEDA, Marcelo"]
[Result "1-0"]
[TimeControl "90 minutos mas 30 segundos de incremento por movida"]
[WhiteTitle "IM"]
[BlackTitle "FM"]
[WhiteElo "2454"]
[BlackElo "2266"]

1. d4 Nf6 2. c4 g6 3. Nc3 Bg7 4. e4 d6 5. h3 O-O 6. Be3 c6 7. Nf3 a6 8. c5 b5 9. cxb6 Qxb6 10.
Qd2 Nbd7 11. Bd3 a5 12. O-O Ba6 13. e5 Nd5 14. Nxd5 cxd5 15. Bxa6 Qxa6 16. Bh6 dxe5 17. dxe5 e6 18.
Rfc1 Rac8 19. Bxg7 Kxg7 20. b3 Qb6 21. Qf4 Nc5 22. Nh2 Ne4 23. Ng4 g5 24. Qf3 Qd4 25. h4 h5 26. Nf6 Nxf6 27.
Qxf6+ Kh7 28. hxg5 Kg8 1-0

[Event "FINAL CAMPEONATO ABSOLUTO DE AJEDREZ CHILE 2018"]
[Site "CENTRO CULTURAL LO PRADO, Chile"]
[Date "2018.03.03"]
[Round "11.3"]
[White "FUENTES PARRA, Victor Ignacio"]
[Black "BARRIA ZUNIGA, Daniel"]
[Result "0-1"]
[TimeControl "90 minutos mas 30 segundos de incremento por movida"]
[BlackTitle "IM"]
[BlackFideId "3400816"]
[WhiteElo "2148"]
[BlackElo "2395"]

1. e4 g6 2. d4 Bg7 3. Nf3 c5 4. c3 cxd4 5. cxd4 d5 6. e5 Nc6 7. Nc3 Nh6 8. Qb3 Nf5 9. Bb5 O-O 10.
Bxc6 bxc6 11. O-O e6 12. Bg5 Nxd4 13. Nxd4 Qxg5 14. Nf3 Qe7 15. Rac1 c5 16. Qa3 Bd7 17. Na4 Bxa4 18. Qxa4 Rfc8 19.
Rc3 Qb7 20. Rb3 Qc6 21. Qf4 Rab8 22. Ra3 Rxb2 23. Rxa7 Rb7 24. Ra3 Rb4 25. Qd2 Ra4 26. Rc3 Qa6 27. Rc2 Qa5 28. Qg5 Rxa2 29.
Rxa2 Qxa2 30. h4 h6 31. Qe7 Qa5 32. h5 g5 33. Qb7 Qc7 34. Qb2 g4 0-1